 Dungeon Crawl Stone Soup version 0.22-a0-83-g218e7ff (webtiles) character file.

117 Kidiri the Magician (level 4, -1/24 HPs)
             Began as a Deep Elf Fire Elementalist on Jan 20, 2018.
             Killed by divine providence
             ... invoked by an orc priest
              (8 damage)
             ... on level 3 of the Dungeon.
             The game lasted 00:06:35 (2502 turns).

Kidiri the Magician (Deep Elf Fire Elementalist)    Turns: 2502, Time: 00:06:36

Health: -1/24      AC:  4    Str:  5    XL:     4   Next: 71%
Magic:  1/13       EV: 12    Int: 21    God:
Gold:   163        SH:  3    Dex: 15    Spells: 4/13 levels left

rFire    . . .     SeeInvis .   e - +0 dagger
rCold    . . .     Gourm    .   (no shield)
rNeg     . . .     Faith    .   a - +0 leather armour
rPois    .         Spirit   .   (no helmet)
rElec    .         Reflect  +   (no cloak)
rCorr    .         Harm     .   g - +0 pair of gloves
MR       .....                  (no boots)
Stlth    ++........             f - +3 amulet of reflection
HPRegen  0.08/turn              (no ring)
MPRegen  0.13/turn              (no ring)

@: no status effects
A: no striking features
a: no special abilities


You were on level 3 of the Dungeon.
You were not hungry.

You visited 1 branch of the dungeon, and saw 3 of its levels.

You collected 163 gold pieces.

Inventory:

Hand Weapons
 e - a +0 dagger (weapon)
Armour
 a - a +0 leather armour (worn)
 g - a +0 pair of gloves (worn)
Jewellery
 f - a +3 amulet of reflection (around neck)
 j - an uncursed ring of ice
Wands
 n - a wand of disintegration (16)
Scrolls
 l - a scroll of remove curse
Potions
 d - a potion of flight
 h - a potion of mutation {unknown}
 k - a potion of might {unknown}
Books
 b - a book of Flames

   Spells                             Type                      Level
   a - Flame Tongue                   Conjuration/Fire             1
   b - Throw Flame                    Conjuration/Fire             2
   c - Conjure Flame                  Conjuration/Fire             3
   d - Inner Flame                    Hexes/Fire                   3
   e - Sticky Flame                   Conjuration/Fire             4
   f - Fireball                       Conjuration/Fire             5
 m - a book of Necromancy

   Spells                             Type                      Level
   a - Pain                           Necromancy                   1
   b - Animate Skeleton               Necromancy                   1
   c - Vampiric Draining              Necromancy                   3
   d - Regeneration                   Charms/Necromancy            3
   e - Animate Dead                   Necromancy                   4
   f - Borgnjor's Vile Clutch         Necromancy/Earth             5
Comestibles
 c - 3 rations
 i - 10 chunks of flesh


   Skills:
 - Level 2.4 Dodging
 - Level 2.4 Stealth
 * Level 5.2 Spellcasting
 + Level 2.6 Conjurations
 + Level 4.1 Fire Magic


You had 4 spell levels left.
You knew the following spells:

 Your Spells              Type           Power        Failure   Level  Hunger
a - Flame Tongue          Conj/Fire      ###..        4%          1    None
b - Throw Flame           Conj/Fire      ###...       7%          2    None
c - Conjure Flame         Conj/Fire      ###.....     13%         3    ##.....
d - Inner Flame           Hex/Fire       ##......     22%         3    ##.....


Dungeon Overview and Level Annotations

Branches:
Dungeon (3/15)

Altars:
Elyvilon
Gozag
Uskayaw

Shops:
D:2 *


Message History

Confirm with . or Enter, or press ? or * to list all spells.
Aiming: Flame Tongue
Press: ? - help, Shift-Dir - straight line, f/p - orc
Aim: an orc, wielding a club and wearing a leather armour (lightly wounded)
The flame tongue hits the orc.
The orc appears unharmed.
The orc is lightly wounded.
The orc hits you with a club.
Casting: Flame Tongue
Confirm with . or Enter, or press ? or * to list all spells.
Aiming: Flame Tongue
Press: ? - help, Shift-Dir - straight line, f/p - orc
Aim: an orc, wielding a club and wearing a leather armour (lightly wounded)
The flame tongue hits the orc.
The orc is severely wounded.
The orc hits you with a club.
* * * LOW HITPOINT WARNING * * *
Unknown command.
The orc priest invokes the aid of Beogh against you.
Beogh smites you!
You die...

****,* #.#)###......#
*,**,,* ,,,,,*
#.).)...#***,***,***,*
******
###.###.......,,,* *,*
#...# *.####.#**** *,*
#.### *.# *,* *,* #.#
##.## *,* *,*
##.####...###.*******,*
#..oo.........,,,,,,,,*
#..###@....##**********
#..###.....#
#..........#
######.....# #.....#
#.#.###******** *
#.#...,,,,,,,,*
*********
#.#####******,*
,,,,,,,,* #.# *,*


You could see an orc priest and an orc.

Vanquished Creatures
  An orc priest (D:3)
  4 adders
  A dart slug (D:2)
  A leopard gecko (D:1)
  6 orcs (D:3)
  2 giant cockroaches
  6 goblins
  4 hobgoblins (D:1)
  2 jackals (D:3)
  A quokka (D:2)
  2 ball pythons
  3 bats (D:1)
  4 frilled lizards
  7 kobolds
  2 rats (D:2)
46 creatures vanquished.

Vanquished Creatures (others)
  A leopard gecko (D:3)
  A hobgoblin (D:3)
2 creatures vanquished.

Grand Total: 48 creatures vanquished

Notes
Turn   | Place    | Note
-------+----------+-------------------------------------------
     0 | D:1      | Kidiri the Deep Elf Fire Elementalist began the quest for the Orb.
     0 | D:1      | Reached XP level 1. HP: 10/10 MP: 6/6
   436 | D:1      | Reached XP level 2. HP: 12/15 MP: 3/8
   443 | D:1      | Learned a level 2 spell: Throw Flame
  1090 | D:2      | Reached skill level 4 in Spellcasting
  1150 | D:2      | Reached XP level 3. HP: 19/19 MP: 5/10
  1155 | D:2      | Learned a level 3 spell: Conjure Flame
  1159 | D:2      | Learned a level 3 spell: Inner Flame
  1327 | D:2      | Found an opulent altar of Gozag.
  1354 | D:2      | Found Gozag's Platinum Reserve.
  2010 | D:3      | Noticed a dagger
  2010 | D:3      | Noticed a hand axe
  2011 | D:3      | Found a hide-covered altar of Uskayaw.
  2156 | D:3      | Reached XP level 4. HP: 18/24 MP: 5/12
  2235 | D:3      | Found a white marble altar of Elyvilon.
  2450 | D:3      | Reached skill level 5 in Spellcasting
  2502 | D:3      | Killed from afar by an orc priest

Vault maps used:
D:1:      dpeg_arrival_three_smaller_balls, minivault_24, st_stairs_5,
          minivault_19
D:2:      first_ration, nicolae_gozag_zags_fifth_avenue
D:3:      dancing_weapons_uskayaw, elyvilon_altar_4, uniq_ijyb

Skill      XL: |  1  2  3  4 |
---------------+-------------+-----
Spellcasting   | 4 5 |  5.2
Conjurations   | 2 |  2.6
Fire Magic     | 4 |  4.1
Dodging        | |  2.4
Stealth        | |  2.4

Action                   |  1- 3 |  4- 6 || total
-------------------------+-------+-------++-------
Melee: Short sword       |     2 |       ||     2
       Dagger            |    12 |     6 ||    18
 Cast: Flame Tongue      |    64 |    23 ||    87
       Throw Flame       |       |     2 ||     2
  Use: Scroll            |     3 |       ||     3
 Stab: Sleeping          |     2 |       ||     2
  Eat: Chunk             |     2 |       ||     2
       Ration            |     1 |       ||     1
Armor: Leather armour    |     6 |     2 ||     8
       Robe              |     1 |       ||     1
Dodge: Dodged            |    42 |     7 ||    49
Block: Other             |     5 |     2 ||     7
       Reflection        |     1 |       ||     1

Table legend:
 A = Spawn XP
 B = Non-spawn XP
 C = Spawn XP percentage of total XP
 D = Spawn monster count
 E = Non-spawn monster count
 F = Spawn count percentage of total count
 G = Total turns spent on level
                    A         B        C        D         E        F      G
               +---------+---------+-------+---------+---------+-------+---------
         Total |       0 |     168 |   0.0 |       0 |      46 |   0.0 |  2502
               +---------+---------+-------+---------+---------+-------+---------
           D:1 |       0 |      29 |   0.0 |       0 |      19 |   0.0 |  1008
           D:2 |       0 |      44 |   0.0 |       0 |      11 |   0.0 |   981
           D:3 |       0 |      95 |   0.0 |       0 |      16 |   0.0 |   513
               +---------+---------+-------+---------+---------+-------+---------
